 Dungeon Sprint DCSS version 0.28-a0-1199-gef9e1dbd39 (webtiles) character file.

Game seed: 7967931007000409196

258 rocky1 the Placeless Gnoll (level 6, -17/48 (51) HPs)
             Began as a Gnoll Wanderer on Dec 19, 2021.
             Was a Believer of Sif Muna.
             Demolished by a wight (18 damage)
             ... in the Dungeon (Sprint VII: "The Pits").
             The game lasted 00:02:11 (411 turns).

rocky1 the Placeless Gnoll (Gnoll Wanderer)          Turns: 411, Time: 00:02:11

HP:   -17/48 (51)   AC:  2    Str: 10    XL:     6   Next: 16%
MP:   14/15         EV: 13    Int: 16    God:    Sif Muna [**....]
Gold: 0             SH:  5    Dex: 10    Spells: 18/18 levels left

rFire   . . .      SeeInvis .   m - +2 falchion
rCold   . . .      Faith    .   c - +0 buckler
rNeg    . . .      Spirit   .   b - +0 robe
rPois   .          Reflect  .   (no helmet)
rElec   .          Harm     .   (no cloak)
rCorr   .          Rampage  .   (no gloves)
Will    .....      NoTele   +   (no boots)
Stlth   ++........              (no amulet)
HPRegen 0.16/turn               (no ring)
MPRegen 0.14/turn               (no ring)

@: on berserk cooldown, hasted and slowed, drained
A: fangs 1, strong nose, distributed training
a: Renounce Religion, Channel Magic


You were in the Dungeon.
You worshipped Sif Muna.
Sif Muna was pleased with you.
You visited 1 branch

Inventory:

Hand Weapons
 a - a +0 club
 m - a +2 falchion (weapon)
Armour
 b - a +0 robe (worn)
 c - a +0 buckler (worn)
Scrolls
 i - a scroll of blinking
 k - 5 scrolls of amnesia
 l - a scroll of summoning
Potions
 d - a potion of curing
 g - 4 potions of magic
 h - a potion of berserk rage
 j - 2 potions of invisibility


   Skills:
 + Level 5.0 Fighting
 + Level 4.2 Short Blades
 + Level 4.2 Long Blades
 + Level 4.2 Axes
 + Level 4.2 Maces & Flails
 + Level 4.2 Polearms
 + Level 4.2 Staves
 + Level 4.2 Slings
 + Level 4.2 Bows
 + Level 4.2 Crossbows
 + Level 4.2 Throwing
 + Level 4.2 Armour
 + Level 4.2 Dodging
 + Level 4.2 Stealth
 + Level 6.3 Shields
 + Level 4.2 Unarmed Combat
 + Level 6.6 Spellcasting
 + Level 3.4 Conjurations
 + Level 3.4 Hexes
 + Level 3.4 Summonings
 + Level 3.4 Necromancy
 + Level 9.5 Translocations
 + Level 3.4 Transmutations
 + Level 3.4 Fire Magic
 + Level 3.4 Ice Magic
 + Level 3.4 Air Magic
 + Level 3.4 Earth Magic
 + Level 3.4 Poison Magic
 + Level 4.6 Invocations
 + Level 4.2 Evocations


You had 18 spell levels left.
You didn't know any spells.
Your spell library contained the following spells:

 Spells                   Type           Power      Damage    Failure   Level
 Apportation              Tloc           70%        N/A       1%          1
 Blink                    Tloc           70%        N/A       1%          2
 Portal Projectile        Hex/Tloc       52%        N/A       2%          3
 Magic Dart               Conj           64%        1d6       3%          1
 Conjure Flame            Conj/Fire      16%        6-21      10%         3


Dungeon Overview and Level Annotations

Branches:
Dungeon (1/1)

Altars:
Ashenzari
Cheibriados
Dithmenos
Elyvilon
Fedhas
Gozag
Hepliaklqana
Kikubaaqudgha
Makhleb
Nemelex Xobeh
Okawaru
Qazlal
Ru
Sif Muna
Trog
Uskayaw
Vehumet
Wu Jian
Xom
Yredelemnul
Zin
The Shining One
Beogh
Jiyva
Lugonu


Innate Abilities, Weirdness & Mutations

You have very sharp teeth.
Your uncanny sense of smell can sniff out nearby items.
Your experience applies equally to all skills.


Message History

Your Dodging skill increases to level 4!
Your Stealth skill increases to level 4!
Your Shields skill increases to level 6!
Your Unarmed Combat skill increases to level 4!
Your Conjurations skill increases to level 3!
Your Hexes skill increases to level 3!
Your Summonings skill increases to level 3!
Your Necromancy skill increases to level 3!
Your Transmutations skill increases to level 3!
Your Fire Magic skill increases to level 3!
Your Ice Magic skill increases to level 3!
Your Air Magic skill increases to level 3!
Your Earth Magic skill increases to level 3!
Your Poison Magic skill increases to level 3!
Your Invocations skill increases to level 4!
Your Evocations skill increases to level 4!
You have reached level 6!
Unknown command.
You see here an adder corpse.
You feel much better.
Unknown command.
You feel yourself speed up.
You closely miss the kobold. Your bite misses the kobold.
You block the kobold's attack.
You hit the kobold.
You kill the kobold!
Sif Muna accepts your kill.
You hit the wight.
The wight is moderately damaged.
The wight closely misses you. The wight hits you with a +3 battleaxe!
You closely miss the wight. You bite the wight, but do no damage.
The wight is moderately damaged.
The wight hits you with a +3 battleaxe!!
* * * LOW HITPOINT WARNING * * *
You feel drained.
* * * LOW HITPOINT WARNING * * *
You closely miss the wight.
The wight is moderately damaged.
The wight hits you with a +3 battleaxe!!
You die...

#.?(.')))'.##......#.
##########.##........
#..........†'........
#+#####'#####......#.
#.†#..#∆∆ #........
#..'..#∆∆ ####'####
#..####∆∆ #.......#
#..# #∆∆ #.......#
#)@# .#∆∆ #.......#
##z#..#+###...<...#
#..z.zK..##.......#
#........##.......#
###########.......#
######### ∆∆∆∆


You could see 2 wights.

Vanquished Creatures
  A floating eye (D)
  A scorpion (D)
  2 wights (D)
  An adder (D)
  2 frilled lizards (D)
  A kobold (D)
  2 rats (D)
10 creatures vanquished.

Notes
Turn   | Place    | Note
-------+----------+-------------------------------------------
     0 | D        | rocky1 the Gnoll Wanderer began the quest for the Orb.
     0 | D        | rocky1 set off with the following items: a +0 club, a +0
                  | robe, a +0 buckler, a potion of curing, a potion of heal
                  | wounds, a potion of haste, 2 potions of magic, a potion of
                  | berserk rage, a scroll of blinking; and the following
                  | spells available to memorise: Apportation, Blink, Portal
                  | Projectile, Magic Dart, Conjure Flame
     0 | D        | Reached XP level 1. HP: 17/17 MP: 6/6
    22 | D        | Found a bloodstained altar of Trog.
    22 | D        | Found a shimmering blue altar of Sif Muna.
    22 | D        | Found a viscous altar of Jiyva.
    22 | D        | Found a hazy altar of Hepliaklqana.
    22 | D        | Found an opulent altar of Gozag.
    49 | D        | Found a glowing golden altar of the Shining One.
    49 | D        | Found a glowing silver altar of Zin.
    49 | D        | Found a basalt altar of Yredelemnul.
    49 | D        | Found a shimmering altar of Xom.
    49 | D        | Found an ornate altar of the Wu Jian Council.
    49 | D        | Found a sacrificial altar of Ru.
    49 | D        | Found a stormy altar of Qazlal.
    49 | D        | Found an iron altar of Okawaru.
    49 | D        | Found a sparkling altar of Nemelex Xobeh.
    49 | D        | Found a burning altar of Makhleb.
    49 | D        | Found a blossoming altar of Fedhas.
    49 | D        | Found a white marble altar of Elyvilon.
    49 | D        | Found a shadowy altar of Dithmenos.
    49 | D        | Found a snail-covered altar of Cheibriados.
    52 | D        | Found a corrupted altar of Lugonu.
    52 | D        | Found a radiant altar of Vehumet.
    53 | D        | Found an ancient bone altar of Kikubaaqudgha.
    53 | D        | Found a hide-covered altar of Uskayaw.
    53 | D        | Found a broken altar of Ashenzari.
    54 | D        | Became a worshipper of Sif Muna the Loreminder
    65 | D        | Noticed a scorpion
    68 | D        | Killed a scorpion
    69 | D        | Reached skill level 5 in Shields
    69 | D        | Reached skill level 5 in Spellcasting
    69 | D        | Reached skill level 9 in Translocations
    69 | D        | Reached XP level 2. HP: 24/24 MP: 6/8
    69 | D        | Reached XP level 3. HP: 29/29 MP: 7/10
    69 | D        | Reached XP level 4. HP: 35/35 MP: 7/11
   276 | D        | Reached * piety under Sif Muna
   385 | D        | Noticed a floating eye
   391 | D        | Paralysed by a floating eye for 4 turns
   399 | D        | Reached XP level 5. HP: 21/42 MP: 13/13
   400 | D        | Reached ** piety under Sif Muna
   403 | D        | Killed a floating eye
   404 | D        | Reached skill level 5 in Fighting
   404 | D        | Reached XP level 6. HP: 11/51 MP: 13/15
   410 | D        | HP: 1/48 [wight (9)]
   411 | D        | Demolished by a wight

Illustrated notes

Levels and vault maps discovered:
D:        pitsprint [storerooms_1, entrance_room_1, metal_vault_5, armoury_3,
          mini_pit_1, grid_room_1, main_hall_1, silver_pit, the_coven_2,
          the_vestibule_1, steel_vault_3, golden_pit, hallway_of_sentries,
          crystal_vault_5, iron_vault_1, final_vault]

Skill      XL: |  1  2  3  4  5 |
---------------+----------------+-----
Fighting       | 3 4 5 |  5.0
Short Blades   | 2 3 4 |  4.2
Long Blades    | 2 3 4 |  4.2
Axes           | 2 3 4 |  4.2
Maces & Flails | 2 3 4 |  4.2
Polearms       | 2 3 4 |  4.2
Staves         | 2 3 4 |  4.2
Slings         | 2 3 4 |  4.2
Bows           | 2 3 4 |  4.2
Crossbows      | 2 3 4 |  4.2
Throwing       | 2 3 4 |  4.2
Armour         | 2 3 4 |  4.2
Dodging        | 2 3 4 |  4.2
Stealth        | 2 3 4 |  4.2
Shields        | 5 6 |  6.3
Unarmed Combat | 2 3 4 |  4.2
Spellcasting   | 5 6 |  6.6
Conjurations   | 2 3 |  3.4
Hexes          | 2 3 |  3.4
Summonings     | 2 3 |  3.4
Necromancy     | 2 3 |  3.4
Translocations | 9 |  9.5
Transmutations | 2 3 |  3.4
Fire Magic     | 2 3 |  3.4
Ice Magic      | 2 3 |  3.4
Air Magic      | 2 3 |  3.4
Earth Magic    | 2 3 |  3.4
Poison Magic   | 2 3 |  3.4
Invocations    | 2 3 4 |  4.6
Evocations     | 2 3 4 |  4.2

Action                   |  1- 3 |  4- 6 || total
-------------------------+-------+-------++-------
Melee: Club              |     5 |       ||     5
       Falchion          |     2 |    20 ||    22
       Bite              |     1 |     1 ||     2
  Use: Potion            |     1 |     3 ||     4
 Stab: Sleeping          |       |     3 ||     3
Dodge: Dodged            |     5 |     7 ||    12
Block: Buckler           |     2 |     4 ||     6

Table legend: (Time is in decaauts)
 A = Elapsed time spent in this place.
 B = Non-inter-level travel time spent in this place.
 C = Inter-level travel time spent in this place.
 D = Time resting spent in this place.
 E = Time spent auto-exploring this place.
 F = Levels seen in this place.
 G = Mean time per level.
                   A        B        C        D        E       F      G
               +--------+--------+--------+--------+--------+-----+--------+
         Total |    420 |    420 |      0 |    305 |      0 |   1 |  420.0 |
       Dungeon |    420 |    420 |      0 |    305 |      0 |   1 |  420.0 |
               +--------+--------+--------+--------+--------+-----+--------+

Top non-repeatable levels by time:
       D: 420 daAuts
